[Event "December 5 Early 2023"]
[Site "https://www.chess.com"]
[Date "2023.12.05"]
[Round "3"]
[White "Firouzja, Alireza"]
[Black "KhalilMousavi98"]
[Result "1-0"]
[Board "3"]
[TimeControl "180+1"]
[WhiteFideId "12573981"]
[WhiteElo "3169"]
[BlackElo "2788"]
[WhiteTeam "FRA"]
[WhiteClock "0:00:10"]
[BlackClock "0:00:03"]

1. e4 c5 2. Nf3 e6 3. g3 Nc6 4. Bg2 Nf6 5. d3 e5 6. O-O g6 7. c3 Bg7 8. h3 O-O 9. Be3 b6 10. Nbd2 d5 11. Bg5 d4 12. cxd4 cxd4 13. Rc1 Bb7 14. Qa4 h6 15. Bh4 Rc8 16. g4 g5 17. Bg3 Nd7 18. b4 Qe7 19. a3 a5 20. Rc4 axb4 21. axb4 Ra8 22. Qb3 b5 23. Rcc1 Ra4 24. Qd5 Nb6 25. Qxb5 Rxb4 26. Qc5 Qxc5 27. Rxc5 Na4 28. Rc4 Nc3 29. Ra1 Ne2+ 30. Kh2 Nxg3 31. Kxg3 Rb2 32. Rac1 Nb4 33. Bf1 Ba6 34. h4 Bxc4 35. Nxc4 Rc2 36. Rb1 Nc6 37. hxg5 hxg5 38. Nxg5 Bh6 39. Nh3 Rc8 40. g5 Bg7 41. Ng1 Ne7 42. Nf3 Ng6 43. Bh3 Rd8 44. Bf5 Rc3 45. Bxg6 fxg6 46. Nfxe5 Re8 47. f4 Rc8 48. Kg4 Re8 49. Rb6 Rc2 50. Rxg6 Rg2+ 51. Kf5 Rg1 52. Nd7 Re7 53. Nf6+ Kf7 54. Ne5+ Kf8 55. Ned7+ Kf7 56. e5 Rf1 57. Nc5 Rxe5+ 58. Kxe5 Kxg6 59. Ne4 Re1 60. f5+ Kf7 61. Kxd4 Bxf6+ 62. Nxf6 Rf1 63. Ke5 Re1+ 64. Ne4 Ra1 65. d4 Ra5+ 66. d5 Ra1 67. g6+ Kg7 68. d6 Ra5+ 69. Ke6 Ra4 70. Nf6 Ra6 71. Ne8+ Kf8 72. Nc7 Ra1 73. d7 Re1+ 74. Kf6 1-0

[Event "December 5 Early 2023"]
[Site "https://www.chess.com"]
[Date "2023.12.05"]
[Round "3"]
[White "Yuan, Qingyu"]
[Black "Andreikin, Dmitry"]
[Result "1/2-1/2"]
[Board "4"]
[TimeControl "180+1"]
[WhiteFideId "8609772"]
[BlackFideId "4158814"]
[WhiteElo "2784"]
[BlackElo "3093"]
[WhiteTeam "CHN"]
[BlackTeam "FID"]
[WhiteClock "0:00:09"]
[BlackClock "0:00:05"]

1. e4 c5 2. Nf3 e6 3. c3 Nf6 4. e5 Nd5 5. g3 Nc6 6. Bg2 Be7 7. O-O O-O 8. Na3 b6 9. d3 Bb7 10. Re1 d6 11. exd6 Qxd6 12. Nc4 Qc7 13. Qe2 Rad8 14. a4 Bf6 15. h4 h6 16. Bd2 Rd7 17. Rad1 Rfd8 18. Bc1 Ba6 19. Qc2 Ndb4 20. cxb4 Nxb4 21. Qb1 Bxc4 22. Bf4 e5 23. Nxe5 Ba2 24. Nxd7 Qxd7 25. Qc1 Bb3 26. Rd2 Nxd3 27. Qb1 c4 28. Bf1 Qxa4 29. Bxd3 cxd3 30. Rxd3 Rxd3 31. Qxd3 Be6 32. Qd2 Qc6 33. Kh2 Qf3 34. Re3 Qg4 35. Be5 Be7 36. Qd4 Qh3+ 37. Kg1 Bc5 38. Qd8+ Kh7 39. Rf3 Bf5 40. Qd5 Bg6 41. Rxf7 Bxf7 42. Qxf7 Qg4 43. Kh2 Qg6 44. Qxa7 Bxf2 45. Qb7 Bc5 46. Qg2 Qf5 47. Bc3 h5 48. Qe2 Bd6 49. Kg2 Qg4 50. Qxg4 hxg4 51. Bd4 b5 52. Kf2 g6 53. Kg2 Kg8 54. Bf2 Kf7 55. Kf1 Ke6 56. Ke2 Be5 57. b3 Kd5 58. Kd3 Bc7 59. Be1 Bb6 60. Bd2 Bf2 61. Bf4 Bc5 62. Bc7 Bd4 63. Bf4 Bc5 64. Bc7 Ba7 65. Bf4 Bf2 66. Bb8 Be1 67. Bf4 Kc5 68. Be5 Kb4 69. Kc2 Kc5 70. Kd3 Kb4 71. Kc2 Bf2 72. Bf4 Kc5 73. Kd3 Kd5 74. Bb8 Bd4 75. Bf4 Bf6 76. Bb8 Kc5 77. Bf4 Kb4 78. Kc2 Ka3 79. Bd6+ Ka2 80. Bf4 Bd4 81. Bd6 Bf6 82. Bc7 Bd4 83. Bf4 Bf6 84. Bd6 Bg7 85. Bc7 Bf6 86. Bb8 Bd4 87. Bd6 Bg7 88. Bf4 Bf6 89. Bd6 Bg7 1/2-1/2

[Event "December 5 Early 2023"]
[Site "https://www.chess.com"]
[Date "2023.12.05"]
[Round "3"]
[White "Lortkipanidze, Nodar"]
[Black "Bortnyk, Olexandr"]
[Result "0-1"]
[Board "5"]
[TimeControl "180+1"]
[WhiteFideId "13604058"]
[BlackFideId "14120828"]
[WhiteElo "2784"]
[BlackElo "3078"]
[WhiteTeam "GEO"]
[BlackTeam "UKR"]
[WhiteClock "0:00:17"]
[BlackClock "0:00:50"]

1. e4 Nf6 2. e5 Nd5 3. d4 d6 4. exd6 exd6 5. c4 Nb6 6. Nc3 Be7 7. Bd3 O-O 8. Nge2 c6 9. O-O Na6 10. h3 d5 11. c5 Nd7 12. Ng3 g6 13. Bh6 Re8 14. Re1 Nc7 15. b4 Ne6 16. Bf1 Bf6 17. Be3 h5 18. b5 Ndxc5 19. bxc6 bxc6 20. Rc1 Nxd4 21. Nxh5 gxh5 22. Qxh5 Ne4 23. Bd3 Re5 24. Qd1 Nxc3 25. Rxc3 Ne6 26. Rxc6 d4 27. Bd2 Rxe1+ 28. Qxe1 Bd7 29. Rd6 Qe7 30. Rd5 Nc5 31. Qb1 Bc6 32. Rh5 Nxd3 33. Qxd3 Qe4 34. Qg3+ Qg6 35. Qxg6+ fxg6 36. Rc5 Rc8 37. h4 Bxh4 38. g3 Be7 39. Re5 Bf6 40. Re6 Kf7 41. Rd6 Be5 0-1

[Event "December 5 Early 2023"]
[Site "https://www.chess.com"]
[Date "2023.12.05"]
[Round "3"]
[White "Caruana, Fabiano"]
[Black "Albornoz Cabrera, Carlos Daniel"]
[Result "1-0"]
[Board "6"]
[TimeControl "180+1"]
[WhiteFideId "2020009"]
[BlackFideId "3518736"]
[WhiteElo "3075"]
[BlackElo "2774"]
[WhiteTeam "USA"]
[BlackTeam "CUB"]
[WhiteClock "0:00:15"]
[BlackClock "0:00:11"]

1. c3 Nf6 2. d4 g6 3. Bf4 Bg7 4. e3 O-O 5. Nd2 d6 6. h3 b6 7. Be2 Bb7 8. Bf3 Qc8 9. Ne2 Nbd7 10. Bh2 e5 11. Bxb7 Qxb7 12. O-O Rfe8 13. a4 a5 14. Qb3 Qd5 15. Qb5 Qb7 16. Rfd1 Re7 17. Nc4 Ne4 18. Ng3 Nxg3 19. Bxg3 h6 20. Bh4 g5 21. Bg3 f5 22. dxe5 Nxe5 23. Bxe5 Bxe5 24. Rd3 Qe4 25. Rad1 Rf8 26. Nxe5 Qxe5 27. Rd5 Qe6 28. b4 axb4 29. cxb4 f4 30. exf4 Rxf4 31. Rxg5+ hxg5 32. Qxg5+ Rg7 33. Qxf4 Qxh3 34. Qe4 Qh5 35. Re1 Qg4 36. Qd5+ Kh7 37. Re3 Rg5 38. Qf7+ Rg7 39. Rh3+ Qxh3 40. Qxg7+ Kxg7 41. gxh3 c5 42. bxc5 dxc5 43. Kf1 Kf6 44. Ke2 Kf5 45. Kd3 Kg5 46. Kc4 Kh4 47. f4 Kh5 48. a5 bxa5 49. Kxc5 Kg6 50. h4 a4 51. Kb4 Kf5 52. h5 Kf6 53. Kxa4 1-0

[Event "December 5 Early 2023"]
[Site "https://www.chess.com"]
[Date "2023.12.05"]
[Round "3"]
[White "Korchmar, Vasiliy"]
[Black "Pranav, V"]
[Result "0-1"]
[Board "7"]
[TimeControl "180+1"]
[WhiteFideId "24131750"]
[BlackFideId "25060783"]
[WhiteElo "2768"]
[BlackElo "3075"]
[WhiteTeam "RUS"]
[BlackTeam "IND"]
[WhiteClock "0:00:00"]
[BlackClock "0:00:03"]

1. e4 e5 2. Nf3 Nc6 3. Nc3 Nf6 4. Bb5 Bb4 5. O-O O-O 6. d3 Bxc3 7. bxc3 d6 8. Re1 h6 9. h3 Ne7 10. d4 c6 11. Bf1 Qc7 12. g3 Ng6 13. Bg2 Re8 14. Nh2 Bd7 15. f4 exf4 16. Bxf4 Nxf4 17. gxf4 d5 18. e5 Ne4 19. Bxe4 dxe4 20. Qh5 c5 21. d5 c4 22. Rad1 Qc5+ 23. Rd4 Rad8 24. Re3 Bc8 25. Rg3 Kf8 26. Ng4 Rxd5 27. Nxh6 Be6 28. Ng4 Rxd4 29. cxd4 Qxd4+ 30. Ne3 g6 31. Qg5 Qd8 32. Qh6+ Ke7 33. f5 gxf5 34. Nxf5+ Kd7 35. Nd6 Rg8 36. Nxe4 Rxg3+ 37. Nxg3 Qa5 38. Qe3 Qxa2 39. Qd4+ Kc8 40. Ne4 Qb1+ 41. Kg2 Qxc2+ 42. Kg1 Qd3 43. Qc5+ Kb8 0-1

[Event "December 5 Early 2023"]
[Site "https://www.chess.com"]
[Date "2023.12.05"]
[Round "3"]
[White "So, Wesley"]
[Black "Samunenkov, Ihor"]
[Result "0-1"]
[Board "8"]
[TimeControl "180+1"]
[WhiteFideId "5202213"]
[BlackFideId "14187086"]
[WhiteElo "3057"]
[BlackElo "2762"]
[WhiteTeam "USA"]
[BlackTeam "UKR"]
[WhiteClock "0:00:22"]
[BlackClock "0:00:44"]

1. b3 c5 2. Bb2 Nc6 3. Nf3 d6 4. g3 e5 5. Bg2 g6 6. O-O Bg7 7. c4 Nge7 8. Nc3 O-O 9. e3 h6 10. a3 Be6 11. d3 d5 12. cxd5 Nxd5 13. Rc1 b6 14. Nxd5 Bxd5 15. b4 e4 16. dxe4 Bxb2 17. exd5 Bxc1 18. Qxc1 Qxd5 19. Nd2 Qe6 20. b5 Ne5 21. Bxa8 Rxa8 22. e4 Rd8 23. f4 Qa2 24. fxe5 Rxd2 0-1

[Event "December 5 Early 2023"]
[Site "https://www.chess.com"]
[Date "2023.12.05"]
[Round "3"]
[White "Wagh Suyog"]
[Black "Aronian, Levon"]
[Result "0-1"]
[Board "9"]
[TimeControl "180+1"]
[WhiteFideId "25071688"]
[BlackFideId "13300474"]
[WhiteElo "2762"]
[BlackElo "3056"]
[WhiteTeam "IND"]
[BlackTeam "USA"]
[WhiteClock "0:00:00"]
[BlackClock "0:00:21"]

1. e4 c5 2. Nf3 d6 3. Bb5+ Nd7 4. Ba4 Nf6 5. O-O a6 6. c4 e6 7. Nc3 Be7 8. d3 O-O 9. Bf4 Nh5 10. Be3 g6 11. Rb1 Bf6 12. Qd2 b6 13. b4 Qc7 14. a3 Rd8 15. Rfc1 Ne5 16. Bd1 Ng7 17. h3 Bd7 18. Nxe5 Bxe5 19. Ne2 Ne8 20. Kh1 Bc6 21. f4 Bg7 22. Ng3 Nf6 23. Qf2 Rac8 24. Bf3 Ba8 25. Ne2 Qe7 26. Nc3 Nd7 27. Na4 Bc6 28. Nc3 Rc7 29. Kh2 Rdc8 30. Ne2 b5 31. bxc5 Nxc5 32. Bxc5 dxc5 33. e5 Be8 34. Nc3 b4 35. Ne4 a5 36. Nd6 Rd8 37. d4 Rxd6 38. exd6 Qxd6 39. dxc5 Qxf4+ 40. g3 Qg5 41. axb4 axb4 42. h4 Qh6 43. Rd1 Be5 44. Rd8 Qxh4+ 45. Kg2 Qxd8 46. Rxb4 Kg7 47. Qe3 Qd4 48. Qe2 Qxc5 49. Rb5 Bxb5 50. cxb5 Qc2 51. b6 Qxe2+ 52. Bxe2 Rb7 53. Bf3 Rxb6 0-1

[Event "December 5 Early 2023"]
[Site "https://www.chess.com"]
[Date "2023.12.05"]
[Round "3"]
[White "Le, Tuan Minh"]
[Black "Sokolovsky, Yahli"]
[Result "1-0"]
[Board "10"]
[TimeControl "180+1"]
[WhiteFideId "12401153"]
[BlackFideId "2820242"]
[WhiteElo "3054"]
[BlackElo "2759"]
[WhiteTeam "VIE"]
[BlackTeam "ISR"]
[WhiteClock "0:00:23"]
[BlackClock "0:00:06"]

1. d4 d6 2. e4 g6 3. Nf3 Bg7 4. Bc4 e6 5. Bb3 Nf6 6. Qe2 O-O 7. O-O d5 8. e5 Nfd7 9. Bg5 Qe8 10. Re1 c5 11. c3 b6 12. Nbd2 Ba6 13. Qe3 Nc6 14. h4 Rc8 15. Bh6 Na5 16. h5 Bb7 17. Ba4 Nc4 18. Qf4 Bc6 19. Bxc6 Rxc6 20. Nxc4 dxc4 21. Rad1 cxd4 22. Nxd4 Rc5 23. Bxg7 Kxg7 24. h6+ Kg8 25. Nf3 f6 26. exf6 Rxf6 27. Qd6 Nf8 28. Ne5 Rf5 29. Ng4 Qf7 30. f3 Rfd5 31. Rxd5 Rxd5 32. Qc6 Qf4 33. Qb7 Rd7 34. Qe4 Qxe4 35. Rxe4 Rd2 36. Rxc4 Nd7 37. Rc7 a5 38. Rxd7 1-0

[Event "December 5 Early 2023"]
[Site "https://www.chess.com"]
[Date "2023.12.05"]
[Round "3"]
[White "Gabrielian, Artur"]
[Black "Oparin, Grigoriy"]
[Result "0-1"]
[Board "11"]
[TimeControl "180+1"]
[WhiteFideId "4131002"]
[BlackFideId "24125890"]
[WhiteElo "2736"]
[BlackElo "3053"]
[WhiteTeam "RUS"]
[BlackTeam "USA"]
[WhiteClock "0:00:06"]
[BlackClock "0:01:12"]

1. e4 c6 2. d4 d5 3. e5 c5 4. dxc5 e6 5. Nf3 Bxc5 6. a3 Ne7 7. Bd3 Ng6 8. b4 Be7 9. O-O a5 10. b5 Nd7 11. Re1 a4 12. Nbd2 O-O 13. Bb2 Nc5 14. Nd4 Nxd3 15. cxd3 Bd7 16. Rb1 Qa5 17. g3 Bxb5 18. N2f3 Rfc8 19. h4 h6 20. h5 Nf8 21. Nh2 Ba6 22. Ng4 Bg5 23. Nf3 Qd8 24. Bc1 Bxc1 25. Rxc1 Rxc1 26. Qxc1 Bxd3 27. Qf4 Bf5 28. Ne3 Be4 29. Nd4 Rc8 30. Nb5 Qg5 31. Qxg5 hxg5 32. Nd6 Rc3 33. h6 Bf3 34. hxg7 Kxg7 35. g4 Ng6 36. Rb1 Rb3 37. Rc1 Nxe5 38. Rc7 Rxa3 39. Rxb7 d4 40. Nec4 Ra1+ 41. Kh2 Bxb7 0-1

[Event "December 5 Early 2023"]
[Site "https://www.chess.com"]
[Date "2023.12.05"]
[Round "3"]
[White "Bluebaum, Matthias"]
[Black "Zou, Chen"]
[Result "1/2-1/2"]
[Board "12"]
[TimeControl "180+1"]
[WhiteFideId "24651516"]
[BlackFideId "8610959"]
[WhiteElo "3051"]
[BlackElo "2726"]
[WhiteTeam "GER"]
[BlackTeam "CHN"]
[WhiteClock "0:01:08"]
[BlackClock "0:00:13"]

1. d4 d5 2. c4 e6 3. Nc3 Nf6 4. cxd5 exd5 5. Bg5 Bb4 6. Qb3 Nc6 7. e3 h6 8. Bxf6 Qxf6 9. Bd3 Qd6 10. Ne2 O-O 11. O-O Bxc3 12. Nxc3 Ne7 13. Qc2 c6 14. Rab1 Qf6 15. b4 a6 16. a4 Bf5 17. b5 Bxd3 18. Qxd3 axb5 19. axb5 Ra3 20. Rfd1 Rfa8 21. Qc2 Qf5 22. Qxf5 Nxf5 23. Rdc1 Nd6 24. bxc6 bxc6 25. h3 Nc4 26. Rb7 Nd2 27. Kh2 Nb3 28. Rd1 Na5 29. Rc7 Rxc3 30. Ra1 Rb3 31. Rxc6 Nxc6 32. Rxa8+ Kh7 33. Rc8 Rb6 34. Kg3 Kg6 35. Rc7 Kf6 36. Kf3 Ke6 37. Rc8 Ne7 38. Ra8 Rc6 39. h4 h5 40. g3 g6 41. Ra7 Nf5 42. Kf4 Nd6 43. f3 Rc4 44. Ra6 Rb4 45. Rc6 f6 46. Ra6 Rc4 47. g4 hxg4 48. fxg4 Rc1 49. h5 gxh5 50. gxh5 Rh1 51. Kg4 Rg1+ 52. Kh4 Rh1+ 53. Kg4 Rg1+ 54. Kh4 Ke7 55. Ra7+ Kf8 56. Ra6 Nf5+ 57. Kh3 Rh1+ 58. Kg4 Nxe3+ 59. Kf3 Rh3+ 60. Kf4 Kf7 61. Ra7+ Ke6 62. Ra6+ Kf7 63. Ra7+ Kg8 64. Ra6 Kg7 65. Ra7+ Kh6 66. Rf7 Ng2+ 67. Kg4 Rh4+ 68. Kg3 Rxd4 69. Kxg2 Kxh5 70. Rxf6 Kg5 71. Rd6 Kf5 72. Kf3 Ke5 73. Rd8 Ra4 74. Ke2 Kd4 75. Rh8 Ra2+ 76. Kd1 Kc4 77. Rh3 d4 78. Rg3 Rh2 79. Rf3 Rg2 80. Rh3 d3 81. Rh8 Kc3 82. Rc8+ Kd4 83. Rd8+ Ke4 84. Re8+ Kf4 85. Rf8+ Ke4 86. Re8+ Kd4 87. Rd8+ Kc4 88. Rc8+ Kb3 89. Rb8+ Kc3 90. Rc8+ Kb3 91. Rb8+ Kc3 92. Rc8+ 1/2-1/2

[Event "December 5 Early 2023"]
[Site "https://www.chess.com"]
[Date "2023.12.05"]
[Round "3"]
[White "Pourramezanali, Amirreza"]
[Black "Duda, Jan-Krzysztof"]
[Result "0-1"]
[Board "13"]
[TimeControl "180+1"]
[WhiteFideId "12511412"]
[BlackFideId "1170546"]
[WhiteElo "2721"]
[BlackElo "3049"]
[WhiteTeam "IRI"]
[BlackTeam "POL"]
[WhiteClock "0:00:06"]
[BlackClock "0:00:09"]

1. e4 e5 2. Nf3 Nc6 3. Bc4 Bc5 4. c3 Nf6 5. d3 O-O 6. O-O d6 7. h3 h6 8. Re1 a5 9. Nbd2 Bb6 10. Bb5 Ne7 11. d4 c6 12. Bf1 Ng6 13. Nc4 Bc7 14. a4 exd4 15. Nxd4 Re8 16. Bd3 Bd7 17. Bd2 Qc8 18. Nf5 Bxf5 19. exf5 Rxe1+ 20. Qxe1 Nf8 21. Bf4 d5 22. Ne5 N8d7 23. Qe3 Nxe5 24. Bxe5 Bxe5 25. Qxe5 Qd7 26. Qd4 Qc7 27. Re1 c5 28. Qe5 Qxe5 29. Rxe5 c4 30. Be2 Kf8 31. f4 Rd8 32. Bf3 b6 33. Kf2 d4 34. cxd4 Rxd4 35. Ke3 Rd3+ 36. Ke2 Rb3 37. Rb5 Rxb5 38. axb5 Ke7 39. Ke3 c3 40. bxc3 Kd6 41. Kd4 Nd7 42. Bd5 f6 43. g4 Nc5 44. h4 Nd3 45. Be4 Nxf4 46. c4 Ne2+ 47. Kd3 Nc1+ 48. Kc2 Na2 49. Kb3 Nb4 50. Bb1 Kc5 51. Be4 a4+ 52. Kxa4 Kxc4 53. Bb1 Nd5 54. Ba2+ Kc5 55. Bxd5 Kxd5 56. Kb4 Kd4 57. h5 Kd5 58. Kb3 Kc5 59. Kc3 Kxb5 60. Kd4 Kc6 61. g5 hxg5 0-1

[Event "December 5 Early 2023"]
[Site "https://www.chess.com"]
[Date "2023.12.05"]
[Round "3"]
[White "Tabatabaei, M. Amin"]
[Black "Mamedov, Edgar"]
[Result "0-1"]
[Board "14"]
[TimeControl "180+1"]
[WhiteFideId "12521213"]
[BlackFideId "13739980"]
[WhiteElo "3036"]
[BlackElo "2719"]
[WhiteTeam "IRI"]
[BlackTeam "KAZ"]
[WhiteClock "0:01:09"]
[BlackClock "0:00:17"]

1. d4 d5 2. Bf4 c5 3. e3 Nc6 4. c3 Nf6 5. Nd2 cxd4 6. exd4 Bf5 7. Qb3 Qc8 8. Ngf3 e6 9. Nh4 Bg4 10. h3 Bh5 11. g4 Bg6 12. Nxg6 hxg6 13. Bg2 Be7 14. O-O Bd8 15. Rfe1 Bc7 16. Be3 O-O 17. f4 Na5 18. Qc2 b5 19. b3 Bd6 20. Qd3 a6 21. Rf1 Qc7 22. a4 b4 23. c4 dxc4 24. bxc4 Rad8 25. Nb3 Qxc4 26. Qxc4 Nxc4 27. Bc1 Nd5 28. a5 Rc8 29. Rf2 Rc7 30. Bf1 Rfc8 31. f5 gxf5 32. gxf5 Bg3 33. Rf3 Be1 34. fxe6 fxe6 35. Bg5 Bc3 36. Ra2 Rf7 37. Rxf7 Kxf7 38. Rf2+ Kg8 39. h4 Nxa5 40. Nxa5 Bxd4 41. Kg2 Bxf2 42. Kxf2 Rc2+ 43. Kf3 b3 44. Bd3 Rc3 45. Ke2 b2 46. Bg6 Rc1 47. Nb3 b1=Q 48. Bxb1 Rxb1 49. Nc5 Rb6 50. Kd3 Rc6 51. Kd4 Kf7 52. Bd2 Ne7 53. Nd3 Rd6+ 54. Ke4 Rd5 55. Ne5+ Ke8 56. Bg5 Nf5 57. Nc6 Nd6+ 58. Ke3 Nf7 59. Bf4 a5 60. Ke4 a4 61. Nd4 Rxd4+ 62. Kxd4 e5+ 0-1

[Event "December 5 Early 2023"]
[Site "https://www.chess.com"]
[Date "2023.12.05"]
[Round "3"]
[White "Kozak, Antoni"]
[Black "Zemlyanskii, Ivan"]
[Result "0-1"]
[Board "15"]
[TimeControl "180+1"]
[WhiteFideId "21832030"]
[BlackFideId "24249971"]
[WhiteElo "2719"]
[BlackElo "3012"]
[WhiteTeam "POL"]
[BlackTeam "RUS"]
[WhiteClock "0:00:00"]
[BlackClock "0:00:41"]

1. e4 c5 2. Nf3 e6 3. Nc3 Nc6 4. Bb5 Nge7 5. O-O Ng6 6. d4 cxd4 7. Nxd4 Qc7 8. Be3 a6 9. Be2 b5 10. f4 Bc5 11. f5 Nge5 12. Bf2 Qb6 13. Nxc6 Qxc6 14. Bxc5 Qxc5+ 15. Kh1 Bb7 16. Bd3 O-O 17. f6 Ng6 18. fxg7 Kxg7 19. Qf3 Qe5 20. Rae1 f5 21. Qh3 fxe4 22. Rxf8 Rxf8 23. Qe3 exd3 24. Qd2 Qf4 25. Qxd3 Qf2 26. Rg1 Nf4 27. Qg3+ Qxg3 28. hxg3 Nxg2 29. Kh2 Ne3 30. Re1 Rf2+ 31. Kh3 Nxc2 32. Rd1 d5 33. Kh4 Ne3 34. Rc1 d4 35. Nb1 h6 36. Rc7+ Kg6 0-1

[Event "December 5 Early 2023"]
[Site "https://www.chess.com"]
[Date "2023.12.05"]
[Round "3"]
[White "Makarian, Rudik"]
[Black "Krysa, Leandro"]
[Result "1/2-1/2"]
[Board "16"]
[TimeControl "180+1"]
[WhiteFideId "44105681"]
[BlackFideId "116807"]
[WhiteElo "3000"]
[BlackElo "2711"]
[WhiteTeam "FID"]
[BlackTeam "ARG"]
[WhiteClock "0:00:31"]
[BlackClock "0:00:30"]

1. d4 Nf6 2. c4 g6 3. Nc3 d5 4. Bf4 Bg7 5. e3 O-O 6. Rc1 Be6 7. Nf3 dxc4 8. Ng5 Bg4 9. Be2 Bxe2 10. Qxe2 c6 11. Qxc4 e6 12. O-O Nd5 13. Bxb8 Rxb8 14. Nf3 Nxc3 15. Qxc3 Qd5 16. a3 Rfc8 17. Qc5 Qxc5 18. Rxc5 Kf8 19. Rfc1 Ke7 20. g4 Kd7 21. Kg2 b6 22. R5c2 c5 23. dxc5 Rxc5 24. Rxc5 bxc5 25. Rxc5 Rxb2 26. Ra5 Rb7 27. Ng5 Ke7 28. h4 h6 29. Ne4 Rc7 30. Kf3 f5 31. Ng3 Bc3 32. Ra6 Be5 33. gxf5 gxf5 34. Ne2 h5 35. Ra4 Kf6 36. Ng1 Rg7 37. Nh3 Rg4 38. Rxa7 Rxh4 39. Kg2 Rg4+ 40. Kf3 Rh4 41. Kg2 Rg4+ 42. Kh1 Rh4 43. Kg2 1/2-1/2

[Event "December 5 Early 2023"]
[Site "https://www.chess.com"]
[Date "2023.12.05"]
[Round "3"]
[White "Matlakov, Maxim"]
[Black "Arabidze, Meri"]
[Result "1-0"]
[Board "17"]
[TimeControl "180+1"]
[WhiteFideId "4168003"]
[BlackFideId "13604040"]
[WhiteElo "2985"]
[BlackElo "2708"]
[WhiteTeam "RUS"]
[BlackTeam "GEO"]
[WhiteClock "0:00:12"]
[BlackClock "0:00:00"]

1. d4 f5 2. Bf4 Nf6 3. e3 e6 4. Nf3 b6 5. Be2 Bb7 6. O-O Be7 7. c4 O-O 8. h4 h6 9. Ne5 Qe8 10. h5 d6 11. Ng6 Rf7 12. Nc3 Ne4 13. Nxe4 fxe4 14. Bg4 Bf6 15. d5 exd5 16. cxd5 Ba6 17. Be6 Bxf1 18. Kxf1 Bxb2 19. Rb1 Bf6 20. Qg4 Nd7 21. Bxh6 Nf8 22. Bf4 Nxe6 23. dxe6 Re7 24. Nxe7+ Qxe7 25. Rc1 Re8 26. h6 c5 27. Rd1 Qxe6 28. Qg6 d5 29. Kg1 d4 30. exd4 cxd4 31. Rc1 e3 32. fxe3 dxe3 33. Rc7 1-0

[Event "December 5 Early 2023"]
[Site "https://www.chess.com"]
[Date "2023.12.05"]
[Round "3"]
[White "Paltrinieri, Nicholas"]
[Black "Durarbayli, Vasif"]
[Result "0-1"]
[Board "18"]
[TimeControl "180+1"]
[WhiteFideId "828262"]
[BlackFideId "13402935"]
[WhiteElo "2706"]
[BlackElo "2978"]
[WhiteTeam "ITA"]
[BlackTeam "AZE"]
[WhiteClock "0:00:08"]
[BlackClock "0:00:11"]

1. d4 d5 2. Bf4 c5 3. e3 Nc6 4. c3 Nf6 5. Nd2 Bf5 6. Ngf3 Qb6 7. Qb3 c4 8. Qxb6 axb6 9. a3 b5 10. Rc1 Nh5 11. Ne5 f6 12. Nxc6 bxc6 13. Be2 Nxf4 14. exf4 e6 15. O-O Bd6 16. g3 h5 17. Rfe1 Kd7 18. Nf3 h4 19. Bf1 hxg3 20. fxg3 Rag8 21. Re3 Be4 22. Rce1 f5 23. h4 Rh6 24. Bg2 c5 25. Ne5+ Bxe5 26. fxe5 cxd4 27. cxd4 g5 28. Bxe4 dxe4 29. hxg5 Rxg5 30. Rf1 Kc6 31. b3 Kd5 32. bxc4+ bxc4 33. a4 Kxd4 34. Ra3 Kxe5 35. a5 Rh7 36. a6 Ra7 37. Kf2 Rgg7 38. Rb1 Rgc7 39. Rb5+ Kf6 40. Rb2 Rc6 41. Rc2 Raxa6 42. Rxa6 Rxa6 43. Rxc4 Ra2+ 44. Kf1 Ra3 45. Kf2 Ra2+ 46. Kf1 Kg5 47. Rc6 Kg4 48. Rxe6 Kxg3 49. Rf6 f4 50. Rh6 e3 51. Ke1 Kf3 52. Rh3+ Ke4 53. Rh8 f3 54. Rh4+ Kd3 0-1

[Event "December 5 Early 2023"]
[Site "https://www.chess.com"]
[Date "2023.12.05"]
[Round "3"]
[White "Navara, David"]
[Black "Hambleton, Aman"]
[Result "1-0"]
[Board "19"]
[TimeControl "180+1"]
[WhiteFideId "309095"]
[BlackFideId "2606577"]
[WhiteElo "2971"]
[BlackElo "2704"]
[WhiteTeam "CZE"]
[BlackTeam "CAN"]
[WhiteClock "0:00:16"]
[BlackClock "0:00:01"]

1. d4 Nf6 2. c4 e6 3. Nc3 Bb4 4. e3 O-O 5. Bd3 c5 6. Nf3 d5 7. cxd5 cxd4 8. exd4 Nxd5 9. O-O Nc6 10. Bc2 Be7 11. a3 b6 12. Qd3 g6 13. Bh6 Re8 14. Rfe1 Bb7 15. Ne4 Rc8 16. Rac1 Bf8 17. Qd2 Bg7 18. h4 Na5 19. Bxg7 Kxg7 20. Ba4 Bc6 21. Bxc6 Rxc6 22. Ne5 Rxc1 23. Qxc1 Qc8 24. Nd6 Qxc1 25. Nxe8+ Kf8 26. Rxc1 Kxe8 27. Rc8+ Ke7 28. Ra8 f6 29. Rxa7+ Ke8 30. Ra8+ Ke7 31. Ra7+ Ke8 32. b4 fxe5 33. bxa5 bxa5 34. dxe5 h5 35. Rxa5 1-0

[Event "December 5 Early 2023"]
[Site "https://www.chess.com"]
[Date "2023.12.05"]
[Round "3"]
[White "Hua, Lefong"]
[Black "Galchenko, Matvey"]
[Result "1-0"]
[Board "20"]
[TimeControl "180+1"]
[WhiteFideId "2602253"]
[BlackFideId "24175480"]
[WhiteElo "2704"]
[BlackElo "2963"]
[WhiteTeam "CAN"]
[BlackTeam "FID"]
[WhiteClock "0:01:18"]
[BlackClock "0:00:01"]

1. d4 Nf6 2. c4 c5 3. d5 e6 4. Nc3 exd5 5. cxd5 d6 6. e4 g6 7. f4 Bg7 8. Nf3 O-O 9. Be2 Bg4 10. O-O Bxf3 11. Bxf3 Nbd7 12. Re1 Re8 13. Be3 a6 14. Bf2 b5 15. a3 Rb8 16. g4 h6 17. h4 h5 18. g5 Ng4 19. Bxg4 hxg4 20. Qxg4 b4 21. axb4 Rxb4 22. Rxa6 Rxb2 23. e5 dxe5 24. Rd6 Rb7 25. f5 gxf5 26. Qxf5 Qe7 27. Ne4 Ra8 28. h5 Ra4 29. Rc6 Rxe4 30. Rxe4 Rb1+ 31. Kg2 Rb2 32. Rc7 1-0

[Event "December 5 Early 2023"]
[Site "https://www.chess.com"]
[Date "2023.12.05"]
[Round "3"]
[White "Henriquez Villagra, Cristobal"]
[Black "Williams, Simon K"]
[Result "1/2-1/2"]
[Board "21"]
[TimeControl "180+1"]
[WhiteFideId "3409350"]
[BlackFideId "404454"]
[WhiteElo "2960"]
[BlackElo "2699"]
[WhiteTeam "CHI"]
[BlackTeam "ENG"]
[WhiteClock "0:00:09"]
[BlackClock "0:00:16"]

1. e4 c5 2. Nc3 Nc6 3. g3 g6 4. Bg2 Bg7 5. f4 d6 6. d3 e5 7. Nce2 Nge7 8. Nh3 h5 9. Be3 h4 10. c3 Bg4 11. Nf2 h3 12. Bf1 Bf3 13. Rg1 d5 14. Bxc5 Qc7 15. Qa4 dxe4 16. Nxe4 O-O-O 17. O-O-O exf4 18. gxf4 Bxe2 19. Bxe2 Qxf4+ 20. Kb1 Qxh2 21. Bf3 Kb8 22. Bh1 Qc7 23. d4 h2 24. Rgf1 f5 25. Ng5 Nd5 26. Ne6 Qf7 27. Nxd8 Rxd8 28. Qb3 Na5 29. Qb5 b6 30. Rde1 Nb7 31. Ba3 Qd7 32. Qe2 f4 33. Qxh2 g5 34. Qg2 Ne3 35. Qxg5 Nxf1 36. Qxf4+ Qc7 37. Qxc7+ Kxc7 38. Rxf1 Nd6 39. Bg2 Nc4 40. Rf7+ Rd7 41. Rxd7+ Kxd7 42. Bb4 a5 43. Bh3+ Kd8 44. Ba3 Nxa3+ 45. bxa3 Kc7 46. Bf1 Kd6 47. a4 Bf8 48. Kc2 Kc7 49. Kd3 Bd6 50. Kc4 Bf4 51. Be2 Bd2 52. Kd3 Be1 53. Bg4 Kd6 54. c4 Bb4 55. Bh5 Ba3 56. Be8 Bb4 57. Bb5 Ba3 58. Kc3 Bb4+ 59. Kb3 Kc7 60. a3 Be7 61. Be8 Bf8 62. Bg6 Be7 63. Be4 Bf8 64. c5 bxc5 65. Kc4 cxd4 66. Kxd4 Bxa3 67. Bh7 Bb4 68. Bg8 1/2-1/2

[Event "December 5 Early 2023"]
[Site "https://www.chess.com"]
[Date "2023.12.05"]
[Round "3"]
[White "Shimanov, Aleksandr"]
[Black "Csonka, Balazs"]
[Result "1-0"]
[Board "22"]
[TimeControl "180+1"]
[WhiteFideId "4198603"]
[BlackFideId "742910"]
[WhiteElo "2958"]
[BlackElo "2694"]
[WhiteTeam "RUS"]
[BlackTeam "HUN"]
[WhiteClock "0:00:29"]
[BlackClock "0:00:02"]

1. d4 d5 2. Bg5 h6 3. Bh4 Bf5 4. e3 Nd7 5. c4 c6 6. Nc3 Ngf6 7. Nf3 e6 8. Be2 Be7 9. O-O O-O 10. a3 Ne4 11. Bxe7 Qxe7 12. Rc1 Bh7 13. Nd2 Ndf6 14. Nf3 Rfd8 15. Qb3 Rab8 16. Rfd1 Ng4 17. Nxe4 dxe4 18. Nd2 Qh4 19. Bxg4 Qxg4 20. Qc3 Qg5 21. b4 h5 22. a4 h4 23. h3 Bf5 24. Kh1 Rd7 25. b5 Rbd8 26. bxc6 bxc6 27. Qa5 Rb8 28. Rb1 Rdb7 29. Qe5 Rxb1 30. Rxb1 Rxb1+ 31. Nxb1 Qh5 32. Nc3 Kh7 33. a5 Qg5 34. Nxe4 Qd8 35. Nd6 f6 36. Qc5 Bg6 37. a6 Qb8 38. Nb7 e5 39. d5 cxd5 40. cxd5 Be4 41. f3 Bf5 42. e4 Bc8 43. Qc6 Kh6 44. d6 Bxb7 45. axb7 a5 46. Qc7 1-0